 Dungeon Crawl Stone Soup version 0.29.0-13-gc9e81de378 (webtiles) character file.

Game seed: 17741888537497422941

1127 keekatzer the Trooper (level 8, -1/106 HPs)
             Began as a Grey Draconian Monk on Sept 7, 2022.
             Was a High Priest of Kikubaaqudgha.
             Succumbed to a hornet's poison
             ... on level 5 of the Dungeon.
             The game lasted 00:19:12 (3150 turns).

keekatzer the Trooper (Grey Draconian Monk)         Turns: 3150, Time: 00:19:13

Health: -1/106     AC: 24    Str: 16 (17) XL:     8   Next: 13%
Magic:  12/22      EV:  2    Int:  9 (10) God:    Kikubaaqudgha [*****.]
Gold:   206        SH:  0    Dex: 10 (13) Spells: 10/14 levels left

rFire   . . .      SeeInvis .   s - +3 long sword (holy)
rCold   . . .      Faith    .   (no shield)
rNeg    . . .      Spirit   .   (body armour unavailable)
rPois   +          Reflect  .   (helmet currently unavailable)
rElec   .          Harm     .   (cloak currently unavailable)
rCorr   .          Rampage  .   (gloves currently unavailable)
Will    .....      NoTele   +   (boots currently unavailable)
Stlth   ++........              (no amulet)
HPRegen 0.27/turn               o - +4 ring of evasion
MPRegen 0.18/turn               n - ring of magical power

@: lethally poisoned (-1 -> -12), tree-form, slowed, very slow
A: stationary, stasis, torment immunity, boosted hp, AC +11, (amphibious),
unfitting armour, (cold-blooded)
a: Renounce Religion, Unearth Wretches, Torment


You were on level 5 of the Dungeon.
You worshipped Kikubaaqudgha.
Kikubaaqudgha was extremely pleased with you.
You were a tree.
You visited 1 branch of the dungeon, and saw 6 of its levels.
You also visited: Ossuary.

You collected 206 gold pieces.

Inventory:

Hand Weapons
 a - a +0 spear
 p - a +2 hand axe of venom
 s - a +3 long sword of holy wrath (weapon)
 v - a +0 vorpal flail
 B - a +0 longbow
Armour
 y - a +0 pair of boots (melded)
 E - a +0 cloak (melded)
Jewellery
 n - a ring of magical power (right branch)
 o - a +4 ring of evasion (left branch)
 u - a +4 ring of evasion
 D - an amulet of faith
 F - a ring of resist corrosion
Wands
 A - a wand of polymorph (9)
Scrolls
 c - 3 scrolls of teleportation {unknown}
 d - 5 scrolls of amnesia {unknown}
 g - 11 scrolls of identify {unknown}
 l - 2 scrolls of magic mapping {unknown}
 q - 3 scrolls of vulnerability {unknown}
 x - 3 scrolls of fear {unknown}
 z - a scroll of enchant armour {unknown}
 C - a scroll of summoning {unknown}
Potions
 b - 2 potions of ambrosia
 e - a potion of berserk rage {unknown}
 f - a potion of lignification
 h - 2 potions of cancellation {unknown}
 i - a potion of degeneration
 j - a potion of curing {unknown}
 k - 3 potions of heal wounds {unknown}
 m - 2 potions of might {unknown}
 r - a potion of attraction {unknown}
 t - 3 potions of brilliance {unknown}
 w - a potion of mutation {unknown}


   Skills:
 + Level 6.5 Fighting
 - Level 3.0 Polearms
 + Level 5.6 Dodging
 - Level 1.7 Stealth
 * Level 3.6 Spellcasting
 * Level 4.0 Necromancy


You had 10 spell levels left.
You knew the following spells:

 Your Spells              Type           Power      Damage    Failure   Level
a - Necrotise             Necr           32%        1d5       5%          1
b - Vampiric Draining     Necr           8%         2d6       16%         3

Your spell library contained the following spells:

 Spells                   Type           Power      Damage    Failure   Level
 Sublimation of Blood     Necr           8%         N/A       9%          2
 Magic Dart               Conj           4%         1d3       28%         1
 Ensorcelled Hibernation  Hex/Ice        2%         N/A       41%         2
 Passwall                 Tmut/Erth      0%         N/A       41%         2
 Searing Ray              Conj           2%         2d4       41%         2
 Animate Dead             Necr           8%         N/A       47%         4
 Swiftness                Air            1%         N/A       65%         3
 Agony                    Necr           8%         N/A       83%         5
 Corpse Rot               Necr/Pois/Air  4%         N/A       85%         4
 Fulminant Prism          Conj/Hex       0%         3d6       96%         4
 Borgnjor's Vile Clutch   Necr/Erth      2%         N/A       98%         5
 Death Channel            Necr           4%         N/A       100%        6
 Simulacrum               Ice/Necr       2%         N/A       100%        6


Dungeon Overview and Level Annotations

Branches:
Dungeon (6/15)             Temple (0/1) D:4         Ossuary (visited)

Altars:
Dithmenos
Hepliaklqana
Kikubaaqudgha

Shops:
D:1 =


Innate Abilities, Weirdness & Mutations

You are a tree.
Your roots penetrate the ground, keeping you stationary.
You cannot be teleported.
You are immune to unholy pain and torment.
Your maximum health is greatly increased.
Your equipment is partially melded.
((Your dull iron-grey scales are very hard. (AC +11)))
((You are amphibious.))
You cannot fit into any form of body armour.
((You are cold-blooded and may be slowed by cold attacks.))


Message History

You kill the adder!
Kikubaaqudgha accepts your kill.
The dead are slithering!
You feel sick. The hornet misses you.
Casting: Necrotise (safe; 4% risk of failure)
Confirm with . or Enter, or press ? or * to list all spells.
Aiming: Vampiric Draining (dangerous; 16% risk of failure)
Press: ? - help, Shift-Dir - straight line, f - hornet
Aim: a hornet (moderately wounded, ally target)
You draw life force from the hornet.
You feel life coursing into your body.
You feel sick. The hornet stings you!
You feel yourself slow down. The hornet stings you!
* * * LOW HITPOINT WARNING * * *
You feel as though you will be slow longer.
Casting: Vampiric Draining (dangerous; 16% risk of failure)
Confirm with . or Enter, or press ? or * to list all spells.
Aiming: Vampiric Draining (dangerous; 16% risk of failure)
Press: ? - help, Shift-Dir - straight line, f/p - hornet
Aim: a hornet (moderately wounded, ally target)
You draw life force from the hornet!
You feel life coursing into your body.
You feel sick. The hornet stings you!
* * * LOW HITPOINT WARNING * * *
You are lethally poisoned!
You feel as though you will be slow longer.
The hornet barely misses you.
It was a potion of lignification.
You turn into a tree.
Your +0 cloak melds into your body.
Your +0 pair of boots melds into your body.
Your roots penetrate the ground.
* * * LOW HITPOINT WARNING * * *
You feel very sick.
The hornet stings you but does no damage.
Your adder skeleton closely misses the hornet.
The hornet stings you!
* * * LOW HITPOINT WARNING * * *
Your adder skeleton bites the hornet but does no damage.
It was a potion of degeneration.
There was something very wrong with that liquid.
You feel weakened.
You feel dopey.
You feel clumsy.
You die...
Kikubaaqudgha rasps: "You have failed me!
Welcome... death!"

#.# #.....................# #.
#.# #.....######.#######..# #.
#.# #..†..# #.# ##>.######.
#.##.......#####.######..........
#.#.......................######.
#.##.......######.#####.#.# #.
..###.....## #># #.#.# ####. ###
##...########.###..>..###.... #
##........y♣.....###........ #
###.......Z...#.# #.....###
######## .#######.#...# #.####
........ ..#.#... ####### .######
....###.. ....... .# ##### #
###.### ## # .# # .# #


You could see a hornet (ally target) and a friendly adder skeleton.

Vanquished Creatures
  Sigmund (D:3)
  4 elf zombies (Ossuary)
  Blork the orc (D:6)
  A phantom (D:4)
  2 scorpions
  2 hounds (D:5)
  An orc priest (D:4)
  An iguana (D:5)
  Natasha (twice) (D:2)
  3 orc wizards
  2 mummies (Ossuary)
  3 gnolls (D:3)
  7 adders
  A dart slug (D:4)
  10 orcs
  7 endoplasms
  4 giant cockroaches
  5 goblins
  6 hobgoblins
  5 jackals
  7 kobolds
  A quokka (D:2)
  4 ball pythons
  2 bats
  2 frilled lizards (D:1)
  A goblin zombie (Ossuary)
  13 hobgoblin zombies (Ossuary)
  3 jackal zombies (Ossuary)
  5 kobold zombies (Ossuary)
  8 orc zombies (Ossuary)
  A quokka zombie (D:4)
  2 rats
  4 rat zombies
121 creatures vanquished.

Notes
Turn   | Place    | Note
-------+----------+-------------------------------------------
     0 | D:1      | keekatzer the Draconian Monk began the quest for the Orb.
     0 | D:1      | Reached XP level 1. HP: 19/19 MP: 1/1
    50 | D:1      | Found a faded altar of an unknown god.
    76 | D:1      | Found Yfocza's Jewellery Shoppe.
   120 | D:1      | Prayed at the altar of an unknown god.
   120 | D:1      | Became a worshipper of Kikubaaqudgha
   120 | D:1      | Reached * piety under Kikubaaqudgha
   120 | D:1      | Received a gift from Kikubaaqudgha
   120 | D:1      | Reached ** piety under Kikubaaqudgha
   181 | D:1      | Reached XP level 2. HP: 26/26 MP: 2/2
   206 | D:1      | Reached *** piety under Kikubaaqudgha
   206 | D:1      | Received a gift from Kikubaaqudgha
   349 | D:1      | Learned a level 1 spell: Necrotise
   718 | D:2      | Reached XP level 3. HP: 33/33 MP: 3/3
   818 | D:2      | Noticed Natasha
   828 | D:2      | Reached skill level 4 in Fighting
   837 | D:2      | Killed Natasha
   858 | D:2      | Noticed Natasha
   870 | D:2      | Killed Natasha
   871 | D:2      | Reached skill level 1 in Spellcasting
   871 | D:2      | Reached skill level 1 in Necromancy
   871 | D:2      | Reached XP level 4. HP: 8/40 MP: 5/5
  1122 | D:3      | Learned a level 3 spell: Vampiric Draining
  1132 | D:3      | Noticed Sigmund
  1222 | D:3      | Killed Sigmund
  1223 | D:3      | Reached XP level 5. HP: 29/47 MP: 8/8
  1223 | D:3      | Reached XP level 6. HP: 34/55 MP: 9/9
  1386 | D:3      | You fall into a shaft and drop 3 floors!
  1389 | D:6      | Noticed Blork the orc
  1401 | D:6      | Killed Blork the orc
  1402 | D:6      | Reached skill level 5 in Fighting
  1420 | D:5      | Entered Level 5 of the Dungeon
  1483 | D:4      | Found a shadowy altar of Dithmenos.
  1483 | D:4      | Noticed a shadow
  1486 | D:4      | Found a hazy altar of Hepliaklqana.
  1652 | D:4      | Found a staircase to the Ecumenical Temple.
  1774 | D:4      | Found a sand-covered staircase.
  1782 | D:4      | Your scales start taking on a dull iron-grey colour.
  1782 | D:4      | Reached XP level 7. HP: 50/61 MP: 11/11
  1795 | Ossuary  | Entered an ossuary
  1844 | Ossuary  | Reached **** piety under Kikubaaqudgha
  1971 | Ossuary  | Reached skill level 5 in Dodging
  2049 | D:4      | Reached skill level 6 in Fighting
  2556 | D:3      | Reached ***** piety under Kikubaaqudgha
  2769 | D:3      | You fall into a shaft and drop 2 floors!
  2908 | D:5      | Reached XP level 8. HP: 57/70 MP: 13/13
  3138 | D:5      | Noticed a hornet
  3149 | D:5      | HP: 2/106 [hornet (9)]
  3150 | D:5      | Succumbed to a hornet's poison

Illustrated notes

Levels and vault maps discovered:
D:1:      tarquinn_simple_flora_water_e, layout_basic, basic_ecumenical_altar,
          serial_shops, nicolae_shop_hallway_plus
D:2:      layout_basic, uniq_natasha
D:3:      layout_loops_ring, uniq_sigmund
D:4:      layout_basic, riverfiend_overflow_shadow_ancestor,
          minmay_temple_entry_overgrown, enter_ossuary_4,
          small_statue_intersection
D:5:      layout_loops_ring
D:6:      wander_river, layout_loops_ring, dk_yredelemnul_ordeal,
          gammafunk_ghost_cemetery, uniq_pikel, uniq_eustachio,
          uniq_blork_the_orc

Skill      XL: |  1  2  3  4  5  6  7  8 |
---------------+-------------------------+-----
Dodging        | 3 4 5 |  5.6
Fighting       | 4 5 6 |  6.5
Spellcasting   | 1 2 3 |  3.6
Necromancy     | 1 2 3 4 |  4.0
Polearms       | |  3.0
Stealth        | |  1.7

Action                   |  1- 3 |  4- 6 |  7- 9 || total
-------------------------+-------+-------+-------++-------
Melee: Spear             |    61 |       |       ||    61
       Tailslap          |    10 |    13 |    27 ||    50
       Long sword        |    23 |    68 |   203 ||   294
       Punch             |       |       |     4 ||     4
 Cast: Necrotise         |     5 |     6 |    10 ||    21
       Vampiric Draining |       |       |     3 ||     3
  Use: Potion            |       |       |     2 ||     2
 Stab: Sleeping          |     2 |     1 |     2 ||     5
Armor: Skin              |    15 |    20 |    58 ||    93
Dodge: Dodged            |    45 |    57 |   191 ||   293
